 Dungeon Crawl Stone Soup version 0.31-a0-460-g9e667d4245 (webtiles) character file.

Game seed: 17455093428358014317

37615 lessens the Severer (level 13, -4/101 HPs)
             Began as a Demonspawn Fighter on Aug 4, 2023.
             Was a High Priest of Makhleb.
             Slain by a fire crab (11 damage)
             ... on level 4 of the Lair of Beasts.
             The game lasted 00:27:37 (19938 turns).

lessens the Severer (Demonspawn Fighter)           Turns: 19938, Time: 00:27:37

Health: -4/101     AC: 15    Str: 21    XL:     13   Next: 59%
Magic:  18/18      EV: 11    Int: 10    God:    Makhleb [*****.]
Gold:   882        SH:  0    Dex: 19    Spells: 12/12 levels left

rFire   . . .        b - +0 battleaxe (flame)
rCold   . . .        (shield currently unavailable)
rNeg    . . .        N - +0 acid dragon scales
rPois   +            h - +0 helmet
rElec   .            d - +0 cloak
rCorr   +            A - +0 pair of gloves
SInv    .            (no boots)
Will    .....        (no amulet)
Stlth   +            H - ring of flight
HPRegen 0.36/turn    O - +6 ring of dexterity
MPRegen 0.16/turn

%: no passive effects
@: lethally poisoned (-4 -> -5), flying
A: slimy green scales 3, demonic guardian 2, demonic magic 1, weakness stinger 1
a: Renounce Religion, Minor Destruction, Lesser Servant of Makhleb, Major
Destruction, Greater Servant of Makhleb


You were on level 4 of the Lair of Beasts.
You worshipped Makhleb.
Makhleb was extremely pleased with you.
You visited 2 branches of the dungeon, and saw 15 of its levels.
You also visited: Sewer.

You collected 882 gold pieces.

Inventory:

Hand Weapons
 a - a +0 war axe
 b - a +0 battleaxe of flaming (weapon)
 B - a +1 hand axe of electrocution
Missiles
 e - 108 stones
 u - 43 poisoned darts
 E - 4 javelins
 F - a throwing net
 M - 6 boomerangs
Armour
 d - a +0 cloak (worn)
 h - a +0 helmet (worn)
 A - a +0 pair of gloves (worn)
 D - a +0 kite shield
 N - +0 acid dragon scales (worn)
Jewellery
 H - a ring of flight (left hand)
 L - an amulet of guardian spirit
 O - a +6 ring of dexterity (right hand)
 Q - a +5 ring of evasion
Wands
 x - a wand of quicksilver (6)
 y - a wand of polymorph (17)
 J - a wand of flame (29)
 K - a wand of mindburst (8)
 R - a wand of paralysis (5)
Scrolls
 f - 3 scrolls of fog
 g - a scroll of butterflies {unknown}
 k - a scroll of vulnerability {unknown}
 l - 3 scrolls of amnesia
 m - 3 scrolls of revelation
 q - 2 scrolls of enchant armour
 r - 4 scrolls of teleportation
 t - 5 scrolls of blinking
 w - a scroll of silence {unknown}
 G - 3 scrolls of immolation
Potions
 c - a potion of invisibility
 i - a potion of heal wounds
 j - 5 potions of lignification
 n - 2 potions of haste
 o - 2 potions of cancellation
 p - 3 potions of brilliance
 s - 2 potions of experience {unknown}
 v - a potion of berserk rage {unknown}
 z - a potion of might
 C - 3 potions of curing
 I - 3 potions of mutation
 P - a potion of magic {unknown}
Miscellaneous
 S - a lightning rod (4/4)


   Skills:
 - Level 9.4 Fighting
 * Level 18.5 Axes
 - Level 5.6 Armour
 - Level 2.6 Shields
 - Level 7.6 Invocations


You had 12 spell levels left.
You didn't know any spells.
Your spell library contained the following spells:

 Spells                   Type           Power      Damage    Failure   Level
 Blink                    Tloc           0%         N/A       56%         2
 Cigotuvi's Dreadful Rot  Necr/Pois/Air  0%         N/A       56%         2
 Lesser Beckoning         Tloc           0%         N/A       56%         2
 Momentum Strike          Conj/Tloc      0%         3d8       56%         2
 Static Discharge         Conj/Air       0%         2-2/arc   56%         2
 Dazzling Flash           Conj/Hex       0%         N/A       80%         3
 Hailstorm                Conj/Ice       0%         3d3       80%         3
 Vhi's Electric Charge    Tloc/Air       0%         N/A       80%         3
 Volatile Blastmotes      Fire/Tloc      0%         2d10      80%         3
 Dispel Undead            Necr           0%         3d6       99%         4
 Flame Wave               Conj/Fire      0%         2d4       99%         4
 Manifold Assault         Tloc           0%         N/A       99%         4
 Summon Ice Beast         Ice/Summ       0%         N/A       99%         4
 Agony                    Necr           0%         N/A       100%        5
 Freezing Cloud           Conj/Ice/Air   0%         6-21      100%        5
 Silence                  Hex/Air        0%         N/A       100%        5
 Death Channel            Necr           0%         N/A       100%        6
 Simulacrum               Ice/Necr       0%         N/A       100%        6
 Starburst                Conj/Fire      0%         6d3       100%        6
 Maxwell's Capacitive Co  Air            0%         ∞         100%        8


Dungeon Overview and Level Annotations

Branches:
Dungeon (11/15) Zot: 26046  Temple (0/1) D:7            Lair (4/5) D:11 Zot: 17842
  Swamp (0/4) Lair:3        Snake (0/4) Lair:2        Slime (0/5) Lair:4
    Orc (0/2) D:9           Sewer (visited)

Altars:
Makhleb
Trog
Uskayaw
Vehumet
Wu Jian
Xom
Yredelemnul
Jiyva

Shops:
D:1 [

Annotations:
D:2 1 runed translucent door, Crazy Yiuf
D:5 2 transporters
D:11 Fannar
Lair:1 1 runed translucent door, rabbitsville's ghost, journeyman DjCj


Innate Abilities, Weirdness & Mutations

You are completely covered in slimy green scales. (AC +4, rPois)
A demonic guardian rushes to your aid.
Spells you cast may paralyse adjacent enemies.
You have a small tail.


Message History

You feel yourself speed up.
You feel sick.
A komodo dragon comes into view.
Your rust devil hits the komodo dragon.
Your rust devil corrodes the komodo dragon!
You slash the komodo dragon! You burn the komodo dragon.
The komodo dragon is heavily wounded.
You feel sick. The komodo dragon bites you!
* * * LOW HITPOINT WARNING * * *
Your rust devil barely misses the komodo dragon.
You hit the komodo dragon. You burn the komodo dragon.
You tail-slap the komodo dragon, but do no damage.
The komodo dragon is severely wounded.
The komodo dragon misses you.
You slash the komodo dragon! You burn the komodo dragon.
You tail-slap the komodo dragon.
The komodo dragon is almost dead.
You feel sick.
Your rust devil hits the komodo dragon.
The komodo dragon seems to be corroded for longer.
The komodo dragon bites you.
* * * LOW HITPOINT WARNING * * *
You slice the komodo dragon!! You burn the komodo dragon.
You kill the komodo dragon!
Makhleb accepts your kill.
You feel better.
You feel sick.
A fire crab comes into view.
You hit the fire crab.
The fire crab is lightly wounded.
You feel sick.
Your rust devil hits the fire crab.
Your rust devil corrodes the fire crab!
You slash the fire crab!
The fire crab is moderately wounded.
The fire crab bites you!
* * * LOW HITPOINT WARNING * * *
You are engulfed in flames!
* * * LOW HITPOINT WARNING * * *
A demonic guardian appears!
The fire crab claws you.
* * * LOW HITPOINT WARNING * * *
You are engulfed in flames!
You die...

# ...♣ #~♣ #.## #
+#####+..♣
#~♣♣♣♣#.# # ♣..
.....#..♣ #~♣♣~♣#.#
#♣♣♣ ♣♣..
.S..#..♣♣#~.~≈~#.##
.... ...
F.k#......~.~....#
# ♣..
.D#..♣♣#♣♣♣~♣#.## #
♣.. .#..♣ .~♣♣#.###
# ♣..+#####t..♣ ♣~.
#..P# #
♣.......@.4.♣ #~♣♣
#.... #
♣........3..♣ #♣
#.... #
♣♣♣♣♣♣.♣♣♣♣♣♣ #....
# ♣.♣ #...# ######
#.# #######...#
.....# ♣..
#..>....... .....##
♣♣♣ #.......#..
......# #.....##.#.
#.....# #....####.#


You could see a fire crab (corroded, ally target), a friendly soul eater
(summoned) and a friendly rust devil (summoned, slow).

Vanquished Creatures
  3 hydras
  2 two-headed ogres
  Amaemon (Lair:1)
  2 skysharks
  An ugly thing (D:11)
  A salamander (Lair:2)
  8 elephants
  3 black mambas
  2 torpor snails
  9 cane toads
  An orange demon (Lair:1)
  A rime drake (Lair:2)
  3 komodo dragons
  Psyche (D:9)
  3 hornets
  A polar bear (shapeshifter) (D:9)
  2 polar bears
  13 blink frogs
  5 shadows
  A vampire (D:9)
  2 slime creatures (Lair:4)
  A wraith (D:10)
  4 wyverns
  53 yaks
  2 basilisks
  Menkaure (D:7)
  A steam dragon (D:4)
  3 nagas (Lair:2)
  4 vampire mosquitoes (Lair:3)
  The ghost of promet the Digger, an amateur DEEE (D:4)
  10 water moccasins
  3 orc warriors (D:8)
  4 black bears
  A tengu (D:7)
  2 centaurs (D:9)
  3 kobold brigands
  3 phantoms
  14 bullfrogs
  A gnoll sergeant (D:5)
  3 scorpions
  A wyvern skeleton (D:4)
  A troll zombie (D:9)
  4 killer bees (D:9)
  An electric eel (Lair:3)
  7 howler monkeys
  4 crimson imps (D:10)
  A bullfrog zombie (D:4)
  2 jellies (Lair:4)
  5 hounds
  3 orc priests
  Natasha (twice) (D:4)
  A sleepcap (D:6)
  4 iguanas
  7 orc wizards
  2 killer bee zombies (D:4)
  4 ogre zombies (D:9)
  5 gnolls (D:5)
  10 adders
  A river rat (D:3)
  A shadow imp (D:6)
  A white imp (D:5)
  3 worms
  3 dart slugs
  35 orcs
  3 endoplasms
  6 giant cockroaches
  4 goblins
  2 hobgoblins
  4 jackals
  16 kobolds
  3 quokkas
  10 ball pythons
  9 bats
  5 frilled lizards
  2 goblin skeletons (D:9)
  2 goblin zombies (D:9)
  3 hobgoblin zombies (D:9)
  4 orc skeletons (D:9)
  7 orc zombies (D:9)
  8 rats
375 creatures vanquished.

Vanquished Creatures (collateral kills)
  5 elephants
  A komodo dragon (Lair:3)
  A blink frog (Lair:1)
  A basilisk (Lair:1)
  8 yaks
  A vampire mosquito (Lair:3)
  Edmund (D:4)
  Pargi (Sewer)
  An orc warrior (D:8)
  An ogre (D:8)
  A troll zombie (D:9)
  Natasha (D:4)
  An adder (D:2)
  A gnoll (D:5)
  5 orcs (D:8)
  A frilled lizard (Sewer)
  2 kobolds (D:11)
  An orc skeleton (D:9)
34 creatures vanquished.

Grand Total: 409 creatures vanquished

Notes
Turn   | Place    | Note
-------+----------+-------------------------------------------
     0 | D:1      | lessens the Demonspawn Fighter began the quest for the Orb.
     0 | D:1      | Reached XP level 1. HP: 18/18 MP: 1/1
   145 | D:1      | Reached skill level 2 in Axes
   324 | D:1      | Gained mutation: A weak demonic guardian rushes to your
                  | aid. [demonic ancestry]
   324 | D:1      | Reached XP level 2. HP: 24/24 MP: 2/2
   327 | D:1      | Found Haorreku's Armour Boutique.
   979 | D:2      | Reached skill level 3 in Axes
  1044 | D:2      | Gained mutation: Spells you cast may paralyse adjacent
                  | enemies. [demonic ancestry]
  1044 | D:2      | Reached XP level 3. HP: 14/29 MP: 3/3
  1554 | D:2      | Reached XP level 4. HP: 35/35 MP: 4/4
  1557 | D:2      | Reached skill level 4 in Axes
  1742 | D:2      | Found a runed translucent door.
  1743 | D:2      | Noticed Crazy Yiuf
  1837 | D:3      | Found a burning altar of Makhleb.
  1837 | D:3      | Found an ornate altar of the Wu Jian Council.
  1845 | D:3      | Became a worshipper of Makhleb the Destroyer
  2192 | D:3      | Found a glowing drain.
  2201 | Sewer    | Entered a sewer
  2230 | Sewer    | Reached * piety under Makhleb
  2275 | Sewer    | Noticed Pargi
  2290 | Sewer    | Killed Pargi
  2291 | Sewer    | Reached skill level 5 in Axes
  2291 | Sewer    | Reached XP level 5. HP: 3/41 MP: 5/5
  2850 | D:3      | Identified the +0 leather armour "Uclebe" {Dex+2}
  2935 | D:3      | Found a bloodstained altar of Trog.
  3333 | D:4      | Gained mutation: You are partially covered in slimy green
                  | scales. (AC +2) [demonic ancestry]
  3333 | D:4      | Reached XP level 6. HP: 33/47 MP: 6/6
  3436 | D:4      | Noticed Natasha
  3450 | D:4      | Killed Natasha
  3451 | D:4      | Reached skill level 6 in Axes
  3664 | D:4      | Noticed Natasha
  3669 | D:4      | Killed Natasha
  3687 | D:4      | Noticed Edmund
  3704 | D:4      | Noticed Natasha
  3708 | D:4      | Killed Edmund
  3711 | D:4      | Killed Natasha
  3847 | D:4      | Identified the +1 leather armour of Reason {Int+2}
  3880 | D:4      | Reached skill level 7 in Axes
  3880 | D:4      | Gained mutation: You are mostly covered in slimy green
                  | scales. (AC +3) [demonic ancestry]
  3880 | D:4      | Reached XP level 7. HP: 43/52 MP: 7/7
  3938 | D:4      | Found a runed translucent gate.
  3938 | D:4      | Found a runed translucent gate.
  3939 | D:4      | Found a runed translucent gate.
  3941 | D:4      | Noticed promet's ghost (amateur DEEE)
  4051 | D:4      | an acid dragon changed into a steam dragon
  4051 | D:4      | Noticed a steam dragon
  4062 | D:4      | Killed a steam dragon
  4380 | D:4      | Killed promet's ghost
  4380 | D:4      | Reached ** piety under Makhleb
  4381 | D:4      | Reached skill level 8 in Axes
  4395 | D:4      | HP: 2/52 [wyvern skeleton (10)]
  4623 | D:5      | Entered Level 5 of the Dungeon
  4667 | D:5      | Gained mutation: A demonic guardian rushes to your aid.
                  | [demonic ancestry]
  4667 | D:5      | Reached XP level 8. HP: 39/58 MP: 8/8
  4670 | D:5      | Found a transporter.
  4903 | D:5      | Found a transporter.
  4911 | D:5      | Reached skill level 9 in Axes
  5763 | D:6      | Reached skill level 10 in Axes
  6271 | D:7      | Reached skill level 1 in Invocations
  6271 | D:7      | Gained mutation: You are completely covered in slimy green
                  | scales. (AC +4, rPois) [demonic ancestry]
  6271 | D:7      | Reached XP level 9. HP: 38/63 MP: 8/10
  6620 | D:7      | Found a staircase to the Ecumenical Temple.
  6907 | D:7      | Noticed Maggie
  6908 | D:7      | Maggie changed into Maggie the tengu
  6908 | D:7      | Noticed Maggie
  6922 | D:7      | Killed Maggie the tengu
  6923 | D:7      | Reached skill level 11 in Axes
  7237 | D:7      | Noticed Menkaure
  7362 | D:7      | Killed Menkaure
  7448 | D:7      | Found a radiant altar of Vehumet.
  7917 | D:8      | Noticed a two-headed ogre
  7939 | D:7      | Reached *** piety under Makhleb
  8194 | D:8      | Paralysed by a hornet for 1 turns
  8199 | D:8      | Reached skill level 5 in Invocations
  8424 | D:8      | Reached skill level 12 in Axes
  8428 | D:8      | Killed a two-headed ogre
  8607 | D:8      | Reached XP level 10. HP: 8/70 MP: 14/14
  9250 | D:8      | Found a basalt altar of Yredelemnul.
  9453 | D:9      | Reached **** piety under Makhleb
  9525 | D:9      | Found a staircase to the Orcish Mines.
  9541 | D:9      | Reached skill level 13 in Axes
  9694 | D:9      | Got Atucs's Octavo of Lightning and Kindling
 10498 | D:9      | Noticed Psyche
 10909 | D:9      | Killed Psyche
 11186 | D:9      | Found a hide-covered altar of Uskayaw.
 11455 | D:10     | Entered Level 10 of the Dungeon
 11465 | D:10     | Found a shimmering altar of Xom.
 11524 | D:10     | Reached skill level 14 in Axes
 11538 | D:10     | Gained mutation: You have a small tail. [demonic ancestry]
 11538 | D:10     | Reached XP level 11. HP: 68/75 MP: 16/16
 11729 | D:10     | Reached ***** piety under Makhleb
 11818 | D:10     | Reached skill level 5 in Armour
 12712 | D:11     | Noticed Fannar
 12712 | D:11     | Noticed a two-headed ogre
 12752 | D:11     | Noticed a cyan ugly thing
 12782 | D:11     | Killed a cyan ugly thing
 12971 | D:11     | Found a staircase to the Lair.
 13242 | D:10     | Killed a two-headed ogre
 13243 | D:10     | Reached skill level 15 in Axes
 13366 | D:11     | Identified the +4 dagger of Prudence {speed, rElec Str-4
                  | Int+7}
 13672 | Lair:1   | Entered Level 1 of the Lair of Beasts
 14081 | Lair:1   | Found a runed translucent door.
 14086 | Lair:1   | Noticed rabbitsville's ghost (journeyman DjCj)
 14136 | Lair:1   | Reached skill level 5 in Fighting
 14387 | Lair:1   | Noticed Amaemon
 14423 | Lair:1   | Killed Amaemon
 14641 | Lair:1   | Reached XP level 12. HP: 39/86 MP: 17/17
 15448 | Lair:2   | Reached skill level 16 in Axes
 15899 | Lair:2   | Found a staircase to the Snake Pit.
 17016 | Lair:3   | Noticed a six-headed hydra
 17101 | Lair:3   | Reached skill level 17 in Axes
 17629 | Lair:3   | Killed a four-headed hydra
 17679 | Lair:3   | Reached XP level 13. HP: 80/99 MP: 18/18
 18109 | Lair:3   | Found a staircase to the Swamp.
 18946 | Lair:4   | Found a staircase to the Slime Pits.
 18947 | Lair:4   | Found a viscous altar of Jiyva.
 18968 | Lair:4   | Reached skill level 18 in Axes
 19938 | Lair:4   | Slain by a fire crab

Illustrated notes

Levels and vault maps discovered:
D:1:      dpeg_arrival_short_road, layout_loops_ring, serial_shops,
          nicolae_shop_waterfront
D:2:      layout_rooms, uniq_crazy_yiuf_cottage
D:3:      layout_basic, nicolae_overflow_hidden_temple,
          gammafunk_temple_overflow_elements, portal_sewer_entry_e
D:4:      layout_loops_ring, gammafunk_ghost_necromancy, uniq_edmund,
          uniq_natasha
D:5:      gammafunk_wand_slinger, layout_rooms, zin_statuary
D:6:      layout_loops_cross, grunt_ministairs_4,
          hangedman_abyss_or_decor_lesser_grid, grunt_decor_cap
D:7:      layout_basic, vehumet_crystals, temple_green, serial_co_window_serial,
          co_window_cross_1, co_window_corner_a, co_window_paths_a,
          co_window_paths_a, co_window_corner_a, co_window_paths_b,
          co_window_corner_a, co_window_broadway_b, co_window_unsneaky_path_e,
          co_window_broadway_c, co_window_of_opportunity_b,
          co_window_of_opportunity_c, co_window_2corner,
          co_window_unsneaky_path_a, glass_columns_c, glass_columns_b,
          uniq_maggie, uniq_menkaure
D:8:      layout_basic, lemuel_crystal_altar, special_room [special_room_orc]
D:9:      layout_stronghold, nicolae_uskayaw_murder_on_the_dancefloor,
          zombieorc1_lemuel, uniq_psyche
D:10:     layout_loops_ring, led_xom_imps
D:11:     layout_small_grid, lair_entry_dummy, uniq_fannar
Lair:1:   layout_cave_pods, ebering_ghost_reflecting_pool, uniq_amaemon
Lair:2:   layout_regular_city, alex1729_snake_entry_snake
Lair:3:   layout_cave_pods, minmay_swamp_entry_swarm
Lair:4:   nzn_winding_woodlands_cross
          [nzn_winding_woodlands_5x15_pathside_ponds,
          nzn_winding_woodlands_5x15_river_crossing,
          nzn_winding_woodlands_5x15_crooked,
          nzn_winding_woodlands_5x15_lazy_stream,
          nzn_winding_woodlands_15x15_killbox], layout_loops_ring,
          minmay_slime_entry_pillars

Skill      XL: |  1  2  3  4  5  6  7  8  9 10 11 12 13 |
---------------+----------------------------------------+-----
Axes           | 2 3 5 7 8 10 12 14 15 17 18 | 18.5
Invocations    | 1 6 7 |  7.6
Armour         | 4 5 |  5.6
Fighting       | 5 8 9 |  9.4
Shields        | |  2.6

Action                     |  1- 3 |  4- 6 |  7- 9 | 10-12 | 13-15 || total
---------------------------+-------+-------+-------+-------+-------++-------
  Melee: War axe           |    90 |   169 |    54 |       |       ||   313
         Unarmed           |       |     8 |       |     6 |       ||    14
         Hand axe          |       |       |   254 |   786 |       ||  1040
         Tailslap          |       |       |       |   130 |    24 ||   154
         Battleaxe         |       |       |       |    61 |   152 ||   213
 Invoke: Major Destruction |       |       |       |     3 |       ||     3
         Lesser Servant of |       |       |       |       |     1 ||     1
  Evoke: Wand              |       |     2 |     6 |    16 |     5 ||    29
    Use: Potion            |       |     1 |       |     3 |       ||     4
         Scroll            |       |       |     7 |    13 |     1 ||    21
   Stab: Distracted        |       |     1 |     1 |     3 |     4 ||     9
         Sleeping          |       |       |       |     1 |       ||     1
 Armour: Scale mail        |    56 |    80 |    96 |       |       ||   232
         Skin              |       |     1 |       |    17 |       ||    18
         Acid dragon scale |       |       |    32 |   287 |    79 ||   398
  Dodge: Dodged            |    52 |    87 |    90 |   223 |    84 ||   536
  Block: Buckler           |    29 |    41 |    15 |       |       ||    85
         Kite shield       |       |       |    98 |   259 |       ||   357

Table legend: (Time is in decaauts)
 A = Elapsed time spent in this place.
 B = Non-inter-level travel time spent in this place.
 C = Inter-level travel time spent in this place.
 D = Time resting spent in this place.
 E = Time spent auto-exploring this place.
 F = Levels seen in this place.
 G = Mean time per level.
                   A        B        C        D        E       F      G
               +--------+--------+--------+--------+--------+-----+--------+
         Total |  19812 |  18981 |    831 |   2947 |  12443 |  16 | 1238.2 |
       Dungeon |  13173 |  12509 |    664 |   1814 |   8237 |  11 | 1197.5 |
          Lair |   6156 |   5989 |    167 |    906 |   4133 |   4 | 1539.0 |
         Sewer |    481 |    481 |      0 |    227 |     73 |   1 |  481.0 |
               +--------+--------+--------+--------+--------+-----+--------+

Top non-repeatable levels by time:
     D:7: 2446 daAuts
     D:9: 2078 daAuts
  Lair:3: 1883 daAuts
  Lair:2: 1766 daAuts
  Lair:1: 1514 daAuts
     D:4: 1369 daAuts
    D:10: 1348 daAuts
     D:3: 1058 daAuts
  Lair:4: 992 daAuts
     D:6: 960 daAuts
     D:1: 936 daAuts
     D:2: 909 daAuts
     D:8: 739 daAuts
    D:11: 679 daAuts
     D:5: 647 daAuts

Levels and vault maps discovered:
D:1:      dpeg_arrival_short_road, layout_loops_ring, serial_shops,
          nicolae_shop_waterfront
D:2:      layout_rooms, uniq_crazy_yiuf_cottage
D:3:      layout_basic, nicolae_overflow_hidden_temple,
          gammafunk_temple_overflow_elements, portal_sewer_entry_e
D:4:      layout_loops_ring, gammafunk_ghost_necromancy, uniq_edmund,
          uniq_natasha
D:5:      gammafunk_wand_slinger, layout_rooms, zin_statuary
D:6:      layout_loops_cross, grunt_ministairs_4,
          hangedman_abyss_or_decor_lesser_grid, grunt_decor_cap
D:7:      layout_basic, vehumet_crystals, temple_green, serial_co_window_serial,
          co_window_cross_1, co_window_corner_a, co_window_paths_a,
          co_window_paths_a, co_window_corner_a, co_window_paths_b,
          co_window_corner_a, co_window_broadway_b, co_window_unsneaky_path_e,
          co_window_broadway_c, co_window_of_opportunity_b,
          co_window_of_opportunity_c, co_window_2corner,
          co_window_unsneaky_path_a, glass_columns_c, glass_columns_b,
          uniq_maggie, uniq_menkaure
D:8:      layout_basic, lemuel_crystal_altar, special_room [special_room_orc]
D:9:      layout_stronghold, nicolae_uskayaw_murder_on_the_dancefloor,
          zombieorc1_lemuel, uniq_psyche
D:10:     layout_loops_ring, led_xom_imps
D:11:     layout_small_grid, lair_entry_dummy, uniq_fannar
Lair:1:   layout_cave_pods, ebering_ghost_reflecting_pool, uniq_amaemon
Lair:2:   layout_regular_city, alex1729_snake_entry_snake
Lair:3:   layout_cave_pods, minmay_swamp_entry_swarm
Lair:4:   nzn_winding_woodlands_cross
          [nzn_winding_woodlands_5x15_pathside_ponds,
          nzn_winding_woodlands_5x15_river_crossing,
          nzn_winding_woodlands_5x15_crooked,
          nzn_winding_woodlands_5x15_lazy_stream,
          nzn_winding_woodlands_15x15_killbox], layout_loops_ring,
          minmay_slime_entry_pillars
